 Dungeon Crawl Stone Soup version 0.20-a0-842-g939b552 (webtiles) character file.

95 M4edhros the Slasher (level 4, 0/35 HPs)
             Began as a Mummy Chaos Knight on Mar 9, 2017.
             Slain by a hobgoblin
             ... wielding a +0 club
              (2 damage)
             ... on level 2 of the Dungeon.
             The game lasted 00:00:47 (551 turns).

M4edhros the Slasher (Mummy Chaos Knight)            Turns: 551, Time: 00:00:48

Health: 0/35       AC:  5    Str: 15    XL:     4   Next: 40%
Magic:  4/4        EV: 11    Int: 11    God:    Xom [.*....]
Gold:   26         SH:  0    Dex: 12    Spells: 3/3 levels left

rFire    . . .     SeeInvis .   a - +0 falchion (chaos)
rCold    + . .     Gourm    .   b - +2 leather armour
rNeg     + + +     Faith    .   (no shield)
rPois    ∞         Spirit   .   (no helmet)
rElec    .         Reflect  .   (no cloak)
rCorr    .         Harm     .   (no gloves)
MR       .....     Rnd*Tele +   (no boots)
Stlth    +.........             (no amulet)
Regen    0.2/turn               h - ring of protection from fire
MPRegen  0.1/turn               g - ring of teleportation (curse)

@: no status effects
A: no food or potions, fire vulnerability, cold resistance 1, negative energy
resistance 3, torment resistance, unbreathing
a: Renounce Religion


You were on level 2 of the Dungeon.
You worshipped Xom.
You were a plaything of Xom.
You were not hungry.

You visited 1 branch of the dungeon, and saw 2 of its levels.

You collected 26 gold pieces.

Inventory:

Hand Weapons
 a - a +0 falchion of chaos (weapon)
Armour
 b - a +2 leather armour (worn)
Jewellery
 g - a cursed ring of teleportation (left hand)
 h - a ring of protection from fire (right hand)
Scrolls
 c - a scroll of amnesia {unknown}
 d - a scroll of blinking {unknown}
 e - a scroll of magic mapping {unknown}
 f - a scroll of remove curse {unknown}


   Skills:
 - Level 3.0 Fighting
 + Level 4.3 Long Blades
 - Level 1.5 Armour
 - Level 0.7 Dodging


You had 3 spell levels left.
You didn't know any spells.

Dungeon Overview and Level Annotations

Branches:
Dungeon (2/15)

Altars:


Innate Abilities, Weirdness & Mutations

You do not eat or drink.
Your flesh is vulnerable to fire.
You are immune to poison.
Your flesh is cold resistant. (rC+)
You are immune to negative energy. (rN+++)
You are immune to unholy pain and torment.
You can survive without breathing.


Message History

Terence completely misses you.
You riposte.
You hit Terence.
You kill Terence!
Unknown command.
You hit the hobgoblin.
The hobgoblin is poisoned.
The hobgoblin is severely wounded.
The hobgoblin misses you.
Unknown command.
You hit the hobgoblin.
Lightning courses through the hobgoblin!
You kill the hobgoblin!
Unknown command.
You closely miss the goblin. The goblin hits you.
* * * LOW HITPOINT WARNING * * *
You hit the goblin.
You kill the goblin!
You hit the hobgoblin.
The hobgoblin seems to slow down.
The hobgoblin is almost dead.
The hobgoblin hits you with a club.
You die...
Xom yawns loudly!

### #@#*##### #g#..g..#
##.# #### ##.......# *#..#
....#####....##.?.,*#..#
#........###*,*#. #..#
..#####...#.### , #. #..#
..............# *,*#.##.%#
%.................##.....#
.?...g......#..#.........#


You could see a hobgoblin.

Vanquished Creatures
  Ijyb (D:2)
  Terence (D:2)
  An adder (D:2)
  An ooze (D:1)
  2 leopard geckos (D:1)
  2 bats
  A giant cockroach (D:1)
  4 goblins
  3 hobgoblins
  A quokka (D:2)
  2 frilled lizards
  6 kobolds (D:1)
  7 rats
32 creatures vanquished.

Notes
Turn   | Place    | Note
-------+----------+-------------------------------------------
     0 | D:1      | M4edhros the Mummy Chaos Knight began the quest for the Orb.
     0 | D:1      | Reached XP level 1. HP: 18/18 MP: 1/1
    38 | D:1      | XOM: harmless Pois miscast
    59 | D:1      | Reached XP level 2. HP: 17/24 MP: 2/2
   111 | D:1      | Reached skill level 3 in Long Blades
   320 | D:1      | XOM is BORED!
   320 | D:1      | XOM: harmless Conj miscast
   347 | D:1      | XOM: harmless Summ miscast
   347 | D:1      | XOM: smoke on damage
   348 | D:1      | XOM: divination: detect creatures
   356 | D:1      | Reached XP level 3. HP: 24/29 MP: 3/3
   380 | D:2      | Noticed Ijyb
   396 | D:2      | Killed Ijyb
   520 | D:2      | Noticed Terence
   536 | D:2      | Reached skill level 4 in Long Blades
   536 | D:2      | Reached XP level 4. HP: 15/35 MP: 4/4
   543 | D:2      | XOM: divination: detect creatures
   545 | D:2      | XOM: divination: magic mapping
   546 | D:2      | Killed Terence
   551 | D:2      | Slain by a hobgoblin

Vault maps used:
D:1:      onia_arrival_handbag
D:2:      first_bread, uniq_sigmund, uniq_iyjb, uniq_terence

Skill      XL: |  1  2  3 |
---------------+----------+-----
Long Blades    | 3 4 |  4.3
Fighting       | |  3.0
Armour         | |  1.5
Dodging        | |  0.7

Action                   |  1- 3 |  4- 6 || total
-------------------------+-------+-------++-------
Melee: Falchion          |    81 |    15 ||    96
 Stab: Confused          |     1 |       ||     1
Armor: Leather armour    |    35 |       ||    35
Dodge: Dodged            |    45 |     9 ||    54
       Rpst.: Falchion   |    18 |     3 ||    21
